Map: 애씨드 플랜트 - 래더

Players

Hurricane - Winner!

  • Race: Protoss Protoss
  • League: Master
  • Spawn Location: 5:00

INnoVation

  • Race: Terran Terran
  • League: Master
  • Spawn Location: 11:00

VOD

Have the link to the VOD?

Description

Time

  • Played on: Aug. 31, 2018, 1:09 a.m.
  • Length: 8:19
Show
View Real Time Build Order
Export as new Build Order

Hurricane Protoss - Winner!

Build Orders:  

Get SALT Encoding   

  12  0:01  Probe  
  13  0:13  Probe  
  14  0:17  Pylon  
  14  0:24  Probe  
  15  0:32  Probe  
  15  0:36  Gateway  
  15  0:40  Probe  
  16  0:47  Assimilator  
  17  0:51  Probe  
  18  1:03  Probe  
  19  1:15  Probe  
  20  1:25  Pylon  
  20  1:26  Cybernetics Core  
  20  1:27  Probe  
  23  1:43  Probe  
  23  1:45  Assimilator  
  24  1:55  Probe  
  22  2:02  Robotics Facility  
  22  2:03  Stalker  
  22  2:07  Probe  
  25  2:20  Probe  
  26  2:22  Warp Gate  
  26  2:33  Pylon, Stalker  
  26  2:35  Probe  
  29  2:42  Immortal  
  34  3:04  Stalker  
  35  3:12  Probe  
  36  3:15  Nexus  
  36  3:16  Observer  
  38  3:27  Probe  
  38  3:28  Pylon  
  38  3:34  Observer  
  39  3:44  Gateway  
  39  3:47  Gateway  
  39  3:50  Probe  
  40  3:56  Observer  
  41  4:03  Probe  
  42  4:14  Immortal  
  42  4:15  Probe, Observer  
  47  4:28  Probe, Stalker  
  47  4:29  Probe  
  51  4:32  Shield Battery  
  51  4:41  Probe x2  
  51  4:43  Stalker  
  55  4:49  Observer  
  55  4:50  Stalker  
  57  4:53  Probe x2  
  60  5:05  Probe  
  60  5:06  Probe  
  62  5:10  Pylon  
  62  5:11  Assimilator  
  62  5:16  Assimilator  
  62  5:18  Pylon  
  62  5:22  Immortal  
  62  5:28  Probe x2, Twilight Council  
  64  5:29  Forge  
  67  5:47  Zealot, Sentry, Probe x2  
  67  5:48  Zealot  
  74  5:53  Warp Prism  
  74  5:54  Shield Battery  
  76  6:04  Observer  
  73  6:12  Probe x2  
  71  6:19  Protoss Ground Weapons Level 1  
  71  6:24  Resonating Glaives  
  64  6:27  Stalker x3  
  70  6:35  Probe x2  
  68  6:51  Probe x2  
  68  6:58  Sentry x2, Adept  
  74  7:03  Probe x2  
  76  7:10  Gateway  
  76  7:13  Pylon, Gateway x2  
  76  7:15  Observer  
  76  7:26  Observer  
  71  7:40  Stalker x3  
  73  7:51  Probe x2  
  69  8:07  Adept x4  
Show
View Real Time Build Order
Export as new Build Order

INnoVation Terran 

Build Orders: 1/1/1, Cyclone Opening 

Get SALT Encoding   

  12  0:00  SCV  
  13  0:12  SCV  
  14  0:17  Supply Depot  
  14  0:25  SCV  
  15  0:38  SCV  
  15  0:39  Barracks  
  16  0:44  Refinery  
  16  0:50  SCV  
  16  0:54  Refinery  
  17  1:02  SCV  
  18  1:14  SCV  
  19  1:26  Marine  
  19  1:27  Orbital Command  
  20  1:33  Factory  
  20  1:44  Reaper  
  21  1:51  Supply Depot  
  21  1:54  SCV  
  22  2:06  SCV  
  23  2:16  Cyclone  
  23  2:18  Starport  
  23  2:20  SCV  
  27  2:29  Supply Depot  
  27  2:32  SCV  
  28  2:46  SCV  
  28  2:47  Barracks Reactor  
  28  2:51  Cyclone  
  32  2:55  Supply Depot  
  32  2:58  SCV  
  33  3:03  Medivac  
  35  3:10  SCV  
  36  3:24  Command Center  
  35  3:27  SCV  
  35  3:34  Starport Tech Lab  
  36  3:36  Marine x2  
  36  3:39  SCV  
  39  3:41  Supply Depot  
  39  3:47  Factory Tech Lab  
  39  3:51  Cloaking Field  
  39  3:54  Banshee  
  42  3:58  SCV  
  42  4:01  Marine x2  
  45  4:10  SCV, Supply Depot  
  45  4:15  Siege Tank  
  49  4:20  Marine x2  
  49  4:22  SCV  
  52  4:34  SCV  
  52  4:37  Banshee  
  56  4:44  Marine x2  
  58  4:46  SCV  
  59  4:54  Siege Tank  
  59  4:58  SCV  
  63  5:01  Orbital Command  
  63  5:02  Marine x2  
  65  5:10  SCV, Supply Depot  
  66  5:20  Marine x2  
  68  5:21  Banshee  
  68  5:22  SCV  
  72  5:31  SCV  
  72  5:34  SCV  
  74  5:39  Marine x2, Barracks  
  74  5:40  Barracks  
  76  5:44  Supply Depot  
  76  5:47  SCV x2  
  78  5:51  Engineering Bay, Refinery, Factory Tech Lab  
  78  5:57  Marine x2  
  78  5:59  SCV  
  78  6:00  SCV  
  82  6:05  Supply Depot  
  82  6:12  SCV x2  
  80  6:18  Marine x2  
  77  6:26  SCV x2  
  77  6:32  Starport Reactor, Refinery  
  79  6:38  SCV x2  
  73  6:47  Command Center  
  73  6:52  Marine x2, Marauder x2  
  73  6:53  SCV  
  73  6:54  SCV  
  68  6:57  Factory Reactor  
  66  7:08  Barracks  
  66  7:10  Barracks  
  66  7:11  Marine x2  
  66  7:14  Marauder x2  
  72  7:17  SCV x2  
  64  7:29  SCV x2  
  62  7:38  Medivac x2  
  62  7:42  Marauder  
  62  7:43  Marauder, Marine x2  
  71  7:44  SCV x2  
  73  7:52  Widow Mine x2  
  73  7:56  SCV x2  
  76  8:00  Barracks Tech Lab, Barracks Reactor  
  71  8:08  Barracks Tech Lab  
Tags
 
Add a new tag
Caveats
  • Supply blocks, unpowered buildings, or Contaminate may cause inaccurate times.
  • Supply counts are checked every 10 seconds.